AoeStats
← PetroJudas

Arabia

507826425Analyzed
2v2 RM · 14d ago on Sep 19, 2026· 30m 25s· 4 players
Game mode
Random Map
Map size
Medium (4 player)
Population
200
Speed
Normal
Resources
Standard
Victory
Conquest
Starting age
Dark Age
Ending age
Imperial Age
RankedLock teamsTeams togetherTeam positionsShared explorationLock speedFull tech treeHidden civsTurbo modeCheats
Victory
Defeat
🇪🇸 Khmer · Spain
940
+16
🇪🇸 Magyars · Spain
931
+16
🇨🇴 Chinese · Colombia
1000
-58
🇨🇴 Vietnamese · Colombia
859
-13
Joel
0:27 Loom
15:44 Feudal Age
17:05 Wheelbarrow
18:22 Double-Bit Axe
20:48 Gold Mining
26:58 Castle Age
25:16 Horse Collar
28:08 Hand Cart
28:05 Bow Saw
28:01 Heavy Plow
juliechavezvargas13
2:22 Loom
12:11 Feudal Age
13:01 Double-Bit Axe
20:26 Castle Age
19:13 Fletching
19:25 Horse Collar
22:48 Crossbowman
24:16 Bow Saw
26:18 Bodkin Arrow
silvap.javier
7:56 Loom
10:25 Feudal Age
11:08 Double-Bit Axe
14:50 Bloodlines
17:42 Scale Barding Armor
17:48 Forging
20:03 Gold Mining
23:49 Castle Age
22:32 Horse Collar
23:19 Town Watch
27:14 Imperial Age
24:49 Husbandry
25:37 Gold Shaft Mining
25:25 Fletching
26:44 Wheelbarrow
28:40 Bow Saw
31:14 Chemistry
PetroJudas
7:07 Loom
9:37 Feudal Age
11:01 Double-Bit Axe
11:29 Horse Collar
17:35 Wheelbarrow
18:03 Town Watch
21:42 Castle Age
20:36 Scale Barding Armor
20:43 Town Watch
20:51 Gold Mining
22:36 Bloodlines
22:26 Husbandry
23:42 Heavy Plow
24:19 Gold Shaft Mining
23:56 Bow Saw
24:11 Light Cavalry
24:51 Stone Mining
31:02 Chain Barding Armor
Connection lost

Rejoining the realm…

Still unreachable

The connection could not be restored.

Session expired

The server has moved on; the page needs a fresh start.